 Dungeon Crawl Stone Soup version 0.30-a0-385-gfebfb9b408 (webtiles) character file.

Game seed: 5592486660833629125

858 Chaicat the Covered (level 7, -2/64 HPs)
             Began as a Minotaur Fighter on Dec 2, 2022.
             Was a Follower of Okawaru.
             Slain by an ice beast (10 damage)
             ... on level 5 of the Dungeon.
             The game lasted 00:10:13 (3657 turns).

Chaicat the Covered (Minotaur Fighter)              Turns: 3657, Time: 00:10:14

Health: -2/64      AC: 11    Str: 21    XL:     7   Next: 71%
Magic:  6/6        EV:  7    Int:  5    God:    Okawaru [*.....]
Gold:   294        SH:  5    Dex:  9    Spells: 6/6 levels left

rFire   . . .      SeeInvis .    k - +8 autumn katana {vorpal, manifold assault}
rCold   . . .      Faith    +    c - +1 buckler
rNeg    . . .      Spirit   .    g - +0 chain mail
rPois   .          Reflect  .    (helmet restricted)
rElec   .          Harm     .    (no cloak)
rCorr   .          Rampage  .    (no gloves)
Will    +....                    h - +0 pair of boots
Stlth   ..........               e - amulet of faith
HPRegen 0.30/turn                (no ring)
MPRegen 0.10/turn                (no ring)

@: no status effects
A: horns 2, retaliatory headbutt, strong-willed 1, weak 1
a: Renounce Religion, Heroism


You were on level 5 of the Dungeon.
You worshipped Okawaru.
Okawaru was aware of your devotion.
You visited 2 branches of the dungeon, and saw 6 of its levels.

You collected 294 gold pieces.

Inventory:

Hand Weapons
 a - a +1 war axe of chaos
 k - the +8 autumn katana (weapon) {vorpal, manifold assault}
   (You found it on level 3 of the Dungeon)

   It sometimes launches melee attacks against multiple visible enemies.
Armour
 c - a +1 buckler (worn)
 g - a +0 chain mail (worn)
 h - a +0 pair of boots (worn)
Jewellery
 e - an amulet of faith (around neck)
 i - an amulet of magic regeneration
 m - a ring of ice
Wands
 o - a wand of digging (5)
 q - a wand of paralysis (10)
Scrolls
 f - 3 scrolls of enchant weapon
 n - 3 scrolls of teleportation
Potions
 b - a potion of mutation
 d - 2 potions of might
 j - 2 potions of lignification
 l - a potion of resistance {unknown}
 p - a potion of cancellation {unknown}


   Skills:
 + Level 6.4 Fighting
 + Level 3.8 Long Blades
 - Level 5.4 Axes
 + Level 6.4 Armour
 - Level 5.0 Shields


You had 6 spell levels left.
You didn't know any spells.
Your spell library contained the following spells:

 Spells                   Type           Power      Damage    Failure   Level
 Beastly Appendage        Tmut           0%         N/A       99%         1
 Wereblood                Tmut           0%         N/A       100%        2
 Gell's Gravitas          Tloc           0%         N/A       100%        3
 Lesser Beckoning         Tloc           0%         N/A       100%        3
 Spider Form              Tmut/Pois      0%         N/A       100%        3
 Teleport Other           Tloc           0%         N/A       100%        3


Dungeon Overview and Level Annotations

Branches:
Dungeon (5/15)             Temple (1/1) D:4

Altars:
Dithmenos
Elyvilon
Fedhas
Gozag
Hepliaklqana
Kikubaaqudgha
Makhleb
Okawaru
Ru
Sif Muna
Trog
Uskayaw
Vehumet
Wu Jian
Xom
Yredelemnul
Zin
The Shining One

Shops:
D:3 =

Annotations:
D:5 Dowan


Innate Abilities, Weirdness & Mutations

You have a pair of horns on your head.
You reflexively headbutt those who attack you in melee.
You are strong-willed. (Will+)
You are weak. (Str -2)


Message History

You slash Dowan!
Dowan is severely wounded.
Dowan hits you with a +0 dagger. You block the ice beast's attack.
The hound barely misses you. Dowan barely misses you.
You slash Dowan! Your headbutt misses Dowan.
Dowan is almost dead.
The hound bites you but does no damage. The ice beast barely misses you.
Dowan hits you but does no damage. The hound bites you but does no damage.
You closely miss Dowan.
Dowan is almost dead.
Dowan hits you but does no damage. The hound bites you.
The ice beast hits you but does no damage.
Dowan barely misses you. The hound bites you but does no damage.
The ice beast hits you. The ice beast freezes you!
You completely miss Dowan.
Dowan is almost dead.
Dowan gestures wildly while chanting.
Dowan blinks!
You block the hound's attack. The ice beast hits you.
The ice beast freezes you!
You are too injured to fight recklessly!
You are too injured to fight recklessly!
You are too injured to fight recklessly!
You slash the ice beast!
The ice beast is moderately wounded.
You block the hound's attack. Dowan casts a spell at you.
You block the shard of ice. The ice beast closely misses you.
The hound bites you but does no damage.
You hit the ice beast.
You slice through the folds of space itself!
You closely miss Dowan. You slash the hound!
Your headbutt misses the ice beast.
The ice beast is heavily wounded.
Dowan gestures at you while chanting. The stone arrow hits you!
* * * LOW HITPOINT WARNING * * *
The hound bites you but does no damage. The ice beast hits you.
* * * LOW HITPOINT WARNING * * *
The ice beast freezes you!
You die...

##.... ### .#...##
##.## ....... ##...#
.....# #....# .e...##
##...#####.......
###......#ยง#)......
###.....#....@h.....#
#.............Y.....#
#...................#
##.....#.##...#......
#...#....##..##......
#..##....#.... ......
##..#.......... ##...
## #............##
... .## #.........


You could see an ice beast, Dowan (fast) and a hound.

Vanquished Creatures
  Sigmund (D:4)
  Duvessa (D:5)
  A necrophage (D:4)
  A scorpion (D:4)
  A howler monkey (D:4)
  4 hounds
  A gnoll bouda (D:4)
  An iguana (D:4)
  4 orc wizards (D:3)
  4 gnolls (D:4)
  4 adders
  4 worms
  A dart slug (D:1)
  9 orcs (D:3)
  12 ball pythons
  2 endoplasms
  4 giant cockroaches
  8 goblins
  3 hobgoblins
  2 jackals (D:2)
  A quokka (D:4)
  4 bats
  7 frilled lizards
  8 kobolds
  8 rats
96 creatures vanquished.

Notes
Turn   | Place    | Note
-------+----------+-------------------------------------------
     0 | D:1      | Chaicat the Minotaur Fighter began the quest for the Orb.
     0 | D:1      | Reached XP level 1. HP: 19/19 MP: 0/0
    74 | D:1      | Reached XP level 2. HP: 27/27 MP: 1/1
   801 | D:2      | Found a faded altar of an unknown god.
   806 | D:2      | Reached XP level 3. HP: 33/33 MP: 2/2
  1371 | D:3      | Reached XP level 4. HP: 35/40 MP: 3/3
  1521 | D:3      | Noticed an angel
  1522 | D:3      | Found a glowing silver altar of Zin.
  1642 | D:3      | Reached XP level 5. HP: 10/47 MP: 4/4
  1646 | D:3      | Gained mutation: You are weak. (Str -2) [potion of
                  | mutation]
  1646 | D:3      | Gained mutation: You are strong-willed. (Will+) [potion of
                  | mutation]
  1646 | D:3      | HP: 3/70 [poisoned by an orc wizard]
  2050 | D:3      | Reached skill level 5 in Armour
  2050 | D:3      | Reached skill level 5 in Shields
  2240 | D:3      | Found the +8 autumn katana {vorpal, manifold assault}
  2258 | D:3      | Reached skill level 5 in Fighting
  2272 | D:3      | Found Lyiniu's Jewellery Shoppe.
  2569 | D:4      | Reached XP level 6. HP: 56/56 MP: 5/5
  2570 | D:4      | Reached skill level 1 in Long Blades
  2584 | D:4      | Found a staircase to the Ecumenical Temple.
  2614 | Temple   | Entered the Ecumenical Temple
  2800 | Temple   | Became a worshipper of Warmaster Okawaru
  2914 | D:4      | Reached skill level 5 in Axes
  2914 | D:4      | Reached XP level 7. HP: 60/62 MP: 6/6
  2997 | D:4      | Noticed Sigmund
  3011 | D:4      | Killed Sigmund
  3011 | D:4      | Reached * piety under Okawaru
  3559 | D:5      | Entered Level 5 of the Dungeon
  3643 | D:5      | Noticed Duvessa
  3643 | D:5      | Noticed Dowan
  3649 | D:5      | Killed Duvessa
  3657 | D:5      | Slain by an ice beast

Illustrated notes

Levels and vault maps discovered:
D:1:      mainiacjoe_arrival_reflecting_pool, layout_basic,
          minmay_close_crescents
D:2:      layout_loops_ring, shapermc_ecumenical_altar_pompeii,
          minmay_small_reverse_x
D:3:      layout_basic, zin_angel, serial_shops, shop_fountains
D:4:      layout_basic, minmay_temple_entry_arrows, uniq_sigmund
D:5:      layout_cave_pools, grunt_qazlal_sundering, uniq_edmund, uniq_duvessa
Temple:   bh_familiar_temple

Skill      XL: |  1  2  3  4  5  6  7 |
---------------+----------------------+-----
Fighting       | 4 5 6 |  6.4
Armour         | 4 5 6 |  6.4
Shields        | 4 5 |  5.0
Axes           | 3 4 5 |  5.4
Long Blades    | 2 3 |  3.8

Action                   |  1- 3 |  4- 6 |  7- 9 || total
-------------------------+-------+-------+-------++-------
Melee: War axe           |    78 |    70 |       ||   148
       Headbutt          |     9 |    12 |     4 ||    25
       Katana            |       |    43 |    39 ||    82
  Use: Scroll            |     3 |     3 |     2 ||     8
       Potion            |       |     4 |       ||     4
Armor: Scale mail        |    36 |     6 |       ||    42
       Chain mail        |       |    39 |    24 ||    63
       Skin              |       |    11 |       ||    11
Dodge: Dodged            |    42 |    21 |    14 ||    77
Block: Buckler           |    15 |    15 |     9 ||    39

Table legend: (Time is in decaauts)
 A = Elapsed time spent in this place.
 B = Non-inter-level travel time spent in this place.
 C = Inter-level travel time spent in this place.
 D = Time resting spent in this place.
 E = Time spent auto-exploring this place.
 F = Levels seen in this place.
 G = Mean time per level.
                   A        B        C        D        E       F      G
               +--------+--------+--------+--------+--------+-----+--------+
         Total |   3720 |   3564 |    156 |    259 |   2667 |   6 |  620.0 |
       Dungeon |   3504 |   3397 |    107 |    259 |   2509 |   5 |  700.8 |
        Temple |    215 |    166 |     49 |      0 |    158 |   1 |  215.0 |
               +--------+--------+--------+--------+--------+-----+--------+

Top non-repeatable levels by time:
     D:3: 1124 daAuts
     D:4: 894 daAuts
     D:1: 807 daAuts
     D:2: 580 daAuts
  Temple: 215 daAuts
     D:5: 98 daAuts
